 Dungeon Crawl Stone Soup version 0.19-a0-1740-g0bcaf2e (webtiles) character file.

63 aronpayne the Charmwright (level 3, 0/30 HPs)
             Began as a Draconian Skald on Oct 1, 2016.
             Succumbed to Sigmund's poison
             ... on level 2 of the Dungeon.
             The game lasted 00:05:24 (1898 turns).

aronpayne the Charmwright (Draconian Skald)         Turns: 1898, Time: 00:05:25

Health: 0/30       AC:  5    Str: 15    XL:     3   Next: 87%
Magic:  6/6        EV: 12    Int: 12    God:
Gold:   74         SH:  0    Dex: 10    Spells: 1 memorised, 5 levels left

rFire  . . .     SeeInvis .     k - +4 hand axe
rCold  . . .     Gourm    .     (armour unavailable)
rNeg   . . .     Faith    .     (no shield)
rPois  .         Spirit   .     (helmet restricted)
rElec  .         Dismiss  .     (no cloak)
rCorr  .         Reflect  .     (no gloves)
MR     .....     Harm     .     (no boots)
Stlth  +.........               (no amulet)
                                (no ring)
                                l - ring of flight

@: lethally poisoned (0 -> -33), very slightly contaminated, hasted, very quick
A: unfitting armour, cold-blooded, AC +5
a: Evoke Flight


You were on level 2 of the Dungeon.
You were not hungry.

You visited 1 branch of the dungeon, and saw 2 of its levels.

You collected 74 gold pieces.

Inventory:

Hand Weapons
 a - a +0 falchion
 g - a +0 hand axe of venom
 k - a +4 hand axe (weapon)
Jewellery
 l - a ring of flight (left hand)
Scrolls
 d - a scroll of fog {unknown}
 e - 2 scrolls of remove curse {unknown}
 h - 3 scrolls of identify {unknown}
Potions
 i - a potion of curing
Books
 b - a book of Battle

   Spells                             Type                      Level
   a - Infusion                       Charms                       1
   b - Shroud of Golubria             Charms/Translocation         2
   c - Song of Slaying                Charms                       2
   d - Spectral Weapon                Hexes/Charms                 3
   e - Regeneration                   Charms/Necromancy            3
Comestibles
 c - 2 bread rations
 f - 4 chunks of flesh
 m - a beef jerky


   Skills:
 + Level 2.5 Fighting
 - Level 2.3 Long Blades
 * Level 1.7 Axes
 + Level 1.5 Dodging
 + Level 0.4 Stealth
 + Level 2.1 Spellcasting
 + Level 3.3 Charms


You had 5 spell levels left.
You knew the following spells:

 Your Spells              Type           Power        Failure   Level  Hunger
a - Infusion              Chrm           #...         10%         1    ##.....


Dungeon Overview and Level Annotations

Branches:
Dungeon (2/15)

Altars:
Gozag

Annotations:
D:2 Sigmund


Innate Abilities, Weirdness & Mutations

Your plain brown scales are hard. (AC +5)
You cannot fit into any form of body armour.
You are cold-blooded and may be slowed by cold attacks.


Message History

You hit the ooze.
The ooze is moderately wounded.
The ooze hits you but does no damage.
You hit the ooze but do no damage.
The ooze is moderately wounded.
Sigmund casts a spell.
Sigmund flickers and vanishes!
Deactivating autopickup; reactivate with Ctrl-A.
The ooze barely misses you.
You hit the ooze.
The ooze is severely wounded.
Something hits you!
You are lethally poisoned!
You hit the ooze.
You kill the ooze!
You feel sick.
You feel sick. Something hits you!
* * * LOW HITPOINT WARNING * * *
You are more poisoned.
You die...

...#########....####
.#..# ###.#.###
###.# #.......# #.#
#...###.# #.# ##.#.#
#.# #.# #..... #.#
#.# ###...###.# #.#
#.......#.# ###.#
.#..##.#@# ....#
#.#.......# #####
##.##{########
#.....@.....<
####.######## #.#
#(# ..# ###


There were no monsters in sight!

Vanquished Creatures
  An adder (D:2)
  An ooze (D:2)
  A worm (D:2)
  3 dart slugs
  A leopard gecko (D:2)
  2 giant cockroaches (D:1)
  6 goblins (D:1)
  3 hobgoblins
  3 jackals (D:1)
  5 kobolds
  A quokka (D:2)
  2 bats
  7 rats
36 creatures vanquished.

Notes
Turn   | Place    | Note
-------+----------+-------------------------------------------
     0 | D:1      | aronpayne the Draconian Skald began the quest for the Orb.
     0 | D:1      | Reached XP level 1. HP: 17/17 MP: 3/3
   129 | D:1      | You fall through a shaft!
   450 | D:2      | Reached skill level 3 in Charms
   450 | D:2      | Reached XP level 2. HP: 20/25 MP: 5/5
   572 | D:2      | Found an opulent altar of Gozag.
   892 | D:1      | Reached XP level 3. HP: 30/30 MP: 6/6
  1069 | D:1      | Reached skill level 1 in Axes
  1882 | D:2      | Noticed Sigmund
  1897 | D:2      | HP: 1/30 [something (12)]
  1898 | D:2      | Succumbed to Sigmund's poison

Vault maps used:
D:1:      lightli_arrival_windingriver
D:2:      nicolae_gozag_seed_capital, first_bread, uniq_sigmund

Skill      XL: |  1  2  3 |
---------------+----------+-----
Charms         | 3 |  3.3
Axes           | 1 |  1.7
Fighting       | |  2.5
Long Blades    | |  2.3
Dodging        | |  1.5
Stealth        | |  0.4
Spellcasting   | |  2.1

Action                   || total
-------------------------++-------
Melee: Falchion          ||    38
       Tailslap          ||     9
       Hand axe          ||    77
  Use: Potion            ||     3
 Stab: Distracted        ||     1
  Eat: Chunk             ||     2
       Meat ration       ||     1
Armor: Skin              ||    45
Dodge: Dodged            ||    64
